 Dungeon Crawl Stone Soup version 0.22.1-6-g1668fe2 (webtiles) character file.

695 Fang the Skirmisher (level 7, -2/66 HPs)
             Began as a Gargoyle Berserker on Feb 7, 2019.
             Was a Believer of Trog.
             Splashed by a jelly's acid (3 damage)
             ... on level 6 of the Dungeon.
             The game lasted 00:07:24 (3844 turns).

Fang the Skirmisher (Gargoyle Berserker)            Turns: 3844, Time: 00:07:24

Health: -2/66      AC:  0    Str: 28    XL:     7   Next: 64%
Magic:  7/7        EV: 11    Int:  7    God:    Trog [**....]
Gold:   189        SH:  0    Dex:  9    Spells: 6/6 levels left

rFire    . . .     SeeInvis .   a - +0 hand axe
rCold    . . .     Gourm    .   (no shield)
rNeg     + . .     Faith    .   h - +0 scale mail
rPois    ∞         Spirit   .   (no helmet)
rElec    +         Reflect  .   (no cloak)
rCorr    .         Harm     .   (no gloves)
MR       .....                  (no boots)
Stlth    ..........             (no amulet)
HPRegen  0.21/turn              o - ring of attention (curse)
MPRegen  0.10/turn              (no ring)

@: berserking, corroded, very quick
A: negative energy resistance 1, electricity resistance, unbreathing,
petrification resistance, rot immunity, AC +4
a: Berserk, Trog's Hand, Renounce Religion


You were on level 6 of the Dungeon.
You worshipped Trog.
Trog was pleased with you.
You were hungry.

You visited 2 branches of the dungeon, and saw 6 of its levels.

You collected 189 gold pieces.

Inventory:

Hand Weapons
 a - a +0 hand axe (weapon)
Armour
 h - a +0 scale mail (worn)
Jewellery
 o - a cursed ring of attention (left hand)
Wands
 r - a wand of scattershot (4)
 v - a wand of flame (26)
 x - a wand of paralysis (7)
Scrolls
 b - 5 scrolls of identify {unknown}
 d - a scroll of immolation {unknown}
 f - 2 scrolls of noise {unknown}
 g - 2 scrolls of remove curse {unknown}
 j - a scroll of fog {unknown}
 l - 3 scrolls of teleportation {unknown}
 m - 2 scrolls of magic mapping {unknown}
 q - 2 scrolls of enchant weapon {unknown}
 t - a scroll of amnesia {unknown}
 u - a scroll of vulnerability {unknown}
 w - a scroll of blinking {unknown}
Potions
 e - 2 potions of curing {unknown}
 i - 3 potions of might {unknown}
 k - a potion of haste {unknown}
 n - a potion of brilliance {unknown}
 s - a potion of degeneration {unknown}
Comestibles
 c - 7 rations


   Skills:
 + Level 5.5 Fighting
 + Level 4.5 Axes
 + Level 5.0 Armour
 + Level 3.6 Dodging


You had 6 spell levels left.
You didn't know any spells.
Your spell library was empty.

Dungeon Overview and Level Annotations

Branches:
Dungeon (6/15)             Temple (1/1) D:6

Altars:
Cheibriados
Qazlal


Innate Abilities, Weirdness & Mutations

You are resistant to torment.
Your stone body is resilient. (AC +4)
You are immune to poison.
You resist negative energy. (rN+)
You are resistant to electric shocks. (rElec)
You can survive without breathing.
You are immune to petrification.
You are immune to rotting.


Message History

The jelly closely misses you.
You hit the centaur.
The centaur is severely wounded.
You closely miss the worker ant. You hit the jelly. The acid corrodes you!
Your hands burn!
You slash the scorpion! The centaur barely misses you. The scorpion stings you.
* * * LOW HITPOINT WARNING * * *
The worker ant bites you.
* * * LOW HITPOINT WARNING * * *
The centaur hits you!
* * * LOW HITPOINT WARNING * * *
The jelly hits you.
* * * LOW HITPOINT WARNING * * *
You are splashed with acid!
The acid burns!
* * * LOW HITPOINT WARNING * * *
Unknown command.
You hit the centaur but do no damage.
The centaur is severely wounded.
You hit the worker ant. You hit the jelly but do no damage.
Your hands burn!
You die...

###### #....#
############.##.########
...%$?J.).....#.........
.....Za@s.....##########
......c.......#
..............#
.......)......#
...#########.## ## ..
#.# #. . .# #. #. #.


You could see a centaur, a scorpion, a jelly, a worker ant and a worker ant
zombie.

Vanquished Creatures
  A bullfrog (D:6)
  A scorpion (D:3)
  4 wights (D:6)
  3 hounds (D:6)
  2 bullfrog skeletons (D:6)
  A worker ant (D:4)
  An orc wizard (D:4)
  Natasha (D:2)
  A killer bee zombie (D:6)
  3 gnolls (D:6)
  5 adders
  An ooze (D:3)
  An adder skeleton (D:6)
  3 worms (D:3)
  A dart slug (D:2)
  8 leopard geckos
  6 orcs
  2 giant cockroaches
  10 goblins
  4 hobgoblins
  8 kobolds
  2 quokkas (D:3)
  6 bats
  3 frilled lizards
  A jackal zombie (D:6)
  10 rats
89 creatures vanquished.

Notes
Turn   | Place    | Note
-------+----------+-------------------------------------------
     0 | D:1      | Fang the Gargoyle Berserker began the quest for the Orb.
     0 | D:1      | Reached XP level 1. HP: 14/14 MP: 1/1
   283 | D:1      | Reached XP level 2. HP: 19/19 MP: 2/2
   847 | D:2      | Found a faded altar of an unknown god.
   851 | D:2      | Reached XP level 3. HP: 20/23 MP: 3/3
  1301 | D:2      | Noticed Natasha
  1307 | D:2      | HP: 1/24 [Natasha/magic dart (7)]
  1311 | D:2      | Killed Natasha
  1311 | D:2      | Reached XP level 4. HP: 2/29 MP: 4/4
  1934 | D:3      | Reached ** piety under Trog
  1988 | D:3      | Reached XP level 5. HP: 19/33 MP: 5/5
  3093 | D:4      | Reached XP level 6. HP: 38/39 MP: 6/6
  3119 | D:4      | You fall through a shaft for 2 floors!
  3334 | D:6      | Found a staircase to the Ecumenical Temple.
  3432 | Temple   | Entered the Ecumenical Temple
  3462 | D:6      | Reached skill level 5 in Fighting
  3462 | D:6      | Reached XP level 7. HP: 43/44 MP: 7/7
  3528 | D:6      | HP: 2/44 [wight/dire flail (3)]
  3771 | D:6      | Reached skill level 5 in Armour
  3775 | D:6      | Found a stormy altar of Qazlal.
  3843 | D:6      | HP: 1/66 [acid (6)]
  3844 | D:6      | Splashed by a jelly's acid

Skill      XL: |  1  2  3  4  5  6  7 |
---------------+----------------------+-----
Axes           | 3 4 |  4.5
Dodging        | 2 3 |  3.6
Armour         | 3 4 5 |  5.0
Fighting       | 4 5 |  5.5

Action                   |  1- 3 |  4- 6 |  7- 9 || total
-------------------------+-------+-------+-------++-------
Melee: Hand axe          |   104 |   203 |    60 ||   367
Invok: Berserk           |     1 |     1 |     2 ||     4
  Eat: Chunk             |     1 |     9 |     3 ||    13
Armor: Animal skin       |    14 |       |       ||    14
       Scale mail        |    40 |   138 |    33 ||   211
Dodge: Dodged            |    90 |   163 |    49 ||   302
